Map: Odyssey LE

Players

Sugar

  • Race: Terran Terran
  • Spawn Location: 5:00

SHlTMAPS - Winner!

  • Race: Zerg Zerg
  • League: Master
  • Spawn Location: 11:00

Event: HopeTL

VOD

https://www.youtube.com/watch?v=9bOc8rEuMS8&index=8&list=PL9QsjkBYtQM7NVZEDVfaNugqO61aBOlm6

Description

Time

  • Played on: Sept. 26, 2017, 7:08 p.m.
  • Length: 7:14
Show
View Real Time Build Order
Export as new Build Order

Sugar Terran 

Build Orders: Liberator Opening, Reaper Expand 

Get SALT Encoding   

  12  0:00  SCV  
  13  0:13  SCV  
  14  0:17  Supply Depot  
  14  0:25  SCV  
  15  0:38  SCV  
  15  0:40  Barracks  
  16  0:44  Refinery  
  16  0:50  SCV  
  17  1:03  SCV  
  18  1:15  SCV  
  19  1:28  Reaper, Orbital Command  
  20  1:44  Command Center  
  20  1:52  Supply Depot  
  20  1:54  SCV  
  20  1:59  Marine  
  22  2:08  Factory  
  22  2:11  SCV  
  23  2:18  Refinery  
  23  2:22  Barracks Reactor  
  23  2:24  SCV  
  24  2:36  SCV  
  25  2:48  SCV  
  26  2:57  Orbital Command, Starport  
  26  3:00  SCV  
  27  3:09  Marine, Hellion x2  
  33  3:12  SCV  
  33  3:16  Supply Depot  
  33  3:24  SCV  
  33  3:25  SCV  
  35  3:27  Marine  
  35  3:32  Hellion x2  
  40  3:34  Medivac  
  40  3:37  SCV  
  43  3:41  Supply Depot  
  43  3:42  SCV  
  43  3:47  Marine  
  44  3:52  Armory  
  44  3:54  Liberator  
  44  3:57  SCV x2  
  46  4:07  Hellion x2  
  46  4:09  Barracks Tech Lab  
  50  4:15  Supply Depot  
  50  4:16  SCV  
  54  4:19  SCV  
  55  4:30  SCV  
  56  4:37  Command Center  
  56  4:47  Supply Depot  
  56  4:48  Hellion x2  
  56  4:49  SCV  
  61  4:55  Supply Depot  
  61  5:01  SCV x2  
  61  5:03  Barracks Tech Lab  
  63  5:13  Hellion x2  
  65  5:14  Banshee  
  65  5:15  Barracks  
  65  5:16  Barracks, SCV  
  67  5:25  Cloaking Field  
  67  5:26  Marine  
  60  5:30  Supply Depot, SCV  
  60  5:34  SCV  
  62  5:42  SCV, Hellion x2  
  67  5:44  Refinery, Marine  
  67  5:47  SCV  
  69  5:50  Orbital Command  
  67  6:01  Marine  
  67  6:02  Banshee, Marine  
  67  6:03  Barracks Reactor  
  70  6:07  Refinery  
  70  6:09  Engineering Bay  
  70  6:10  Engineering Bay  
  71  6:11  SCV  
  71  6:13  SCV  
  69  6:19  Widow Mine x2  
  69  6:21  Barracks Reactor  
  69  6:23  SCV  
  69  6:25  SCV  
  75  6:35  SCV  
  75  6:37  SCV  
  50  6:47  SCV  
  50  6:49  SCV  
  48  6:59  SCV  
  58  7:01  SCV  
Show
View Real Time Build Order
Export as new Build Order

SHlTMAPS Zerg - Winner!

Build Orders: Hatch First, Roach Nydus 

Get SALT Encoding   

  12  0:01  Drone  
  13  0:12  Overlord  
  13  0:16  Drone  
  14  0:31  Drone x2  
  16  0:37  Drone  
  17  0:54  Hatchery  
  17  0:55  Drone  
  17  0:58  Drone  
  18  1:09  Extractor  
  17  1:14  Spawning Pool  
  17  1:17  Drone  
  17  1:20  Drone  
  18  1:28  Drone  
  19  1:38  Overlord  
  19  2:01  Queen  
  19  2:02  Zergling x4  
  19  2:06  Zergling x2, Queen  
  26  2:11  Metabolic Boost  
  26  2:12  Drone  
  27  2:18  Drone  
  28  2:24  Drone  
  28  2:27  Drone  
  30  2:33  Overlord  
  30  2:39  Queen  
  30  2:42  Queen  
  34  2:49  Drone x2  
  36  3:02  Drone x3  
  39  3:05  Overlord  
  39  3:12  Drone x4  
  43  3:37  Overlord  
  43  3:43  Hatchery, Drone x6  
  48  3:50  Queen  
  48  3:54  Overlord  
  50  4:02  Extractor, Drone x2  
  52  4:03  Drone  
  52  4:04  Extractor, Drone  
  52  4:08  Lair  
  51  4:12  Roach Warren  
  50  4:22  Zergling x2  
  50  4:23  Zergling x8  
  55  4:28  Drone x3  
  55  4:29  Overlord  
  58  4:33  Overlord  
  58  4:53  Roach x6  
  70  5:00  Queen  
  72  5:07  Roach x4  
  72  5:10  Hatchery  
  73  5:33  Queen  
  73  5:34  Nydus Network  
  73  5:35  Roach x5  
  84  5:49  Spore Crawler  
  79  6:09  Roach x3  
  79  6:11  Overlord, Nydus Canal  
  79  6:25  Queen  
  79  6:29  Roach x2  
  79  6:30  Roach x3  
  91  6:39  Nydus Canal  
  87  6:41  Overseer  
  87  6:48  Roach x5  
Tags
 
Add a new tag
Caveats
  • Supply blocks, unpowered buildings, or Contaminate may cause inaccurate times.
  • Supply counts are checked every 10 seconds.